 Dungeon Crawl Stone Soup version 0.17.1-3-g152610e (webtiles) character file.

184 manyhoops the Bolt Thrower (level 5, 0/44 HPs)
             Began as a Minotaur Hunter on Apr 27, 2016.
             Was a Follower of Okawaru.
             Killed by divine providence
             ... invoked by an orc priest
              (11 damage)
             ... on level 3 of the Dungeon.
             The game lasted 00:05:09 (1651 turns).

manyhoops the Bolt Thrower (Minotaur Hunter)        Turns: 1651, Time: 00:05:10

Health: 0/44       AC:  3    Str: 17    XL:     5   Next: 36%
Magic:  4/4        EV: 12    Int:  8    God:    Okawaru [*.....]
Gold:   135        SH:  0    Dex: 13    Spells: 0 memorised, 4 levels left

rFire  x . .     SeeInvis .     o - +0 hand axe
rCold  + . .     Clarity  .     l - +0 leather armour (curse)
rNeg   . . .     SustAt   .     (no shield)
rPois  .         Gourm    .     (helmet restricted)
rElec  .         Spirit   .     (no cloak)
rCorr  .         Warding  .     (no gloves)
rMut   .         Stasis   .     (no boots)
MR     .....                    r - amulet of inaccuracy (curse)
Stlth  +.........               q - ring of ice
                                i - +2 ring of dexterity

@: not resistant to hostile enchantments, very unstealthy
A: retaliatory headbutt, horns 2
a: Heroism, Renounce Religion


You were on level 3 of the Dungeon.
You worshipped Okawaru.
Okawaru was aware of your devotion.
You were very hungry.

You visited 1 branch of the dungeon, and saw 3 of its levels.

You collected 135 gold pieces.

Inventory:

Hand Weapons
 a - a +1 hand crossbow
 o - a +0 hand axe (weapon)
 u - a cursed -3 spear
Missiles
 d - 5 bolts
Armour
 c - a +0 leather armour
 j - a +0 scale mail
 l - a cursed +0 leather armour (worn)
 n - a +0 chain mail
Jewellery
 i - a +2 ring of dexterity (left hand)
 q - a ring of ice (right hand)
 r - a cursed amulet of inaccuracy (around neck)
Wands
 t - a wand of paralysis (15)
Scrolls
 h - 3 scrolls of amnesia
 m - a scroll of teleportation
Potions
 k - a potion of brilliance
 s - a potion of degeneration {unknown}
Comestibles
 b - 2 meat rations
 e - 3 bread rations
 f - a beef jerky
 g - a royal jelly


   Skills:
 + Level 2.8 Fighting
 + Level 6.8 Crossbows
 * Level 2.1 Armour
 - Level 2.1 Dodging
 - Level 0.7 Stealth


You had 4 spell levels left.
You didn't know any spells.

Dungeon Overview and Level Annotations

Branches:
Dungeon (3/15)

Altars:
Okawaru

Annotations:
D:3 Sigmund


Innate Abilities, Weirdness & Mutations

You reflexively headbutt those who attack you in melee.
You have a pair of horns on your head.


Message History

Firing (i - inventory):
d - 7 bolts (quivered)
Press: ? - help, Shift-Dir - straight line, f/p - orc priest
Aim: an orc priest, wielding a club (lightly wounded)
You shoot a bolt. The bolt closely misses the orc priest.
Firing (i - inventory):
d - 6 bolts (quivered)
Press: ? - help, Shift-Dir - straight line, f/p - orc priest
Aim: an orc priest, wielding a club (lightly wounded)
You shoot a bolt. The bolt misses the orc priest.
The orc priest looks braver for a moment.
Wield which item (- for none, * to show all)? (? for menu, Esc to quit)
o - a +0 hand axe (weapon)
You hit the orc priest.
The orc priest is moderately wounded.
The orc priest hits you with a club.
* * * LOW HITPOINT WARNING * * *
You slash the orc priest!
The orc priest is severely wounded.
The orc priest mumbles some strange prayers to Beogh against you.
Something smites you!
You die...

###### ######....#
...##....# ######.##....#
..#.....'..... #.#######
#.#.##.##..... #.#>....#
#.#.##.##..)..
#.#.###.####.#.##.##.....
#.#.#.(o@(.#.#.##.##.....
#.#.#(#.##.#.#.##.#######
#.#...#.##.#..>..........
#.#####.##.######.#######
# ##.......##.### #.#
#.##....######...#
##'#######
#..'....'....#.#.#
#.......†(
####..).####.#<#.#
#......... #....# #)#.# #
#.........


You could see an orc priest.

Vanquished Creatures
  The ghost of manyhoops the Bolt Thrower, an amateur MiHu (D:3)
  3 adders
  A worm (D:2)
  2 giant geckos
  4 orcs (D:3)
  2 ball pythons
  8 bats
  6 giant cockroaches
  5 hobgoblins (D:1)
  9 jackals
  4 kobolds (D:2)
  3 giant newts
  8 goblins
  6 rats
62 creatures vanquished.

Notes
Turn   | Place    | Note
--------------------------------------------------------------
     0 | D:1      | manyhoops the Minotaur Hunter began the quest for the Orb.
     0 | D:1      | Reached XP level 1. HP: 18/18 MP: 0/0
   136 | D:1      | Reached XP level 2. HP: 25/25 MP: 1/1
   200 | D:1      | Reached skill level 1 in Armour
   218 | D:1      | Reached skill level 5 in Crossbows
   543 | D:2      | Reached XP level 3. HP: 25/30 MP: 2/2
   966 | D:2      | Reached XP level 4. HP: 37/37 MP: 3/3
  1090 | D:3      | Found an iron altar of Okawaru.
  1163 | D:3      | Became a worshipper of Warmaster Okawaru
  1290 | D:3      | Noticed Sigmund
  1474 | D:3      | Noticed manyhoops's ghost (amateur MiHu)
  1493 | D:3      | Reached skill level 6 in Crossbows
  1510 | D:3      | Killed manyhoops's ghost
  1510 | D:3      | Reached * piety under Okawaru
  1510 | D:3      | Reached XP level 5. HP: 14/44 MP: 4/4
  1651 | D:3      | Killed from afar by an orc priest

Action                   |  1- 3 |  4- 6 || total
-------------------------+-------+-------++-------
Melee: Hand crossbow     |     1 |       ||     1
       Hand axe          |       |     2 ||     2
 Fire: Hand crossbow     |    79 |    36 ||   115
  Use: Scroll            |     4 |     4 ||     8
       Potion            |       |     2 ||     2
  Eat: Chunk             |       |     1 ||     1
